Map: Distrito 10

Players

MrFercho - Winner!

  • Race: Terran Terran
  • Spawn Location: 1:00

tigro

  • Race: Terran Terran
  • Spawn Location: 9:00

VOD

Have the link to the VOD?

Description

Time

  • Played on: Nov. 19, 2018, 2:47 p.m.
  • Length: 35:30
Show
View Real Time Build Order
Export as new Build Order

MrFercho Terran - Winner!

Build Orders:  

Get SALT Encoding   

  12  0:01  SCV  
  13  0:19  Supply Depot  
  13  0:29  Refinery  
  13  0:30  SCV  
  14  0:42  SCV  
  15  0:52  Barracks  
  15  1:05  Engineering Bay  
  15  1:20  SCV  
  16  1:32  SCV  
  17  1:43  Barracks Tech Lab  
  17  1:44  SCV  
  18  1:57  SCV  
  18  2:01  Refinery  
  19  2:09  SCV  
  20  2:24  Reaper  
  21  2:32  Orbital Command  
  21  2:56  Reaper  
  21  2:58  Command Center  
  22  3:02  Refinery  
  22  3:03  Refinery  
  22  3:10  Supply Depot  
  22  3:11  Supply Depot  
  22  3:15  Supply Depot  
  22  3:16  SCV  
  23  3:32  Reaper, SCV  
  25  3:35  Supply Depot  
  25  4:06  Barracks  
  25  4:21  SCV  
  26  4:34  SCV  
  27  4:46  SCV  
  28  4:54  Barracks  
  26  5:16  Barracks Tech Lab  
  26  5:33  SCV x2  
  28  5:43  Barracks  
  28  5:45  SCV x2  
  30  5:57  SCV x2  
  32  6:09  SCV x2  
  34  6:15  Barracks Tech Lab  
  34  6:21  SCV  
  34  6:22  SCV  
  36  6:31  Barracks  
  36  6:33  Command Center  
  36  6:37  Refinery  
  36  6:39  Refinery  
  36  6:53  Engineering Bay  
  36  7:00  Factory  
  36  7:02  Factory  
  36  7:21  Terran Infantry Weapons Level 1  
  36  7:22  Terran Infantry Armor Level 1  
  36  7:25  Factory  
  36  7:26  Barracks Tech Lab  
  36  7:27  Barracks Tech Lab  
  36  7:45  Marine x2  
  36  7:46  Marine x3  
  36  7:47  Factory  
  36  7:49  Factory  
  41  8:03  Marine x3  
  41  8:04  Marine x2  
  46  8:11  Factory  
  46  8:34  Ghost Academy  
  46  8:50  Armory  
  46  9:02  SCV x3  
  49  9:13  Armory  
  49  9:14  SCV x3  
  49  9:15  Hi-Sec Auto Tracking, Neosteel Frame  
  52  9:18  Armory  
  52  9:26  SCV x3  
  55  9:38  SCV x3  
  58  9:46  Starport  
  58  9:50  Factory Tech Lab x3, SCV x2  
  58  9:51  Factory Tech Lab x2  
  58  9:52  Factory Tech Lab  
  60  10:08  Starport  
  60  10:10  Terran Ship Weapons Level 1, Terran Vehicle Weapons Level 1  
  60  10:11  Terran Vehicle And Ship Armor Level 1  
  60  10:12  Neosteel Armor  
  60  10:15  Starport  
  60  10:24  Combat Shield  
  60  10:25  Concussive Shells  
  60  10:34  Thor, Terran Infantry Weapons Level 2  
  60  10:35  Cyclone, Siege Tank  
  69  10:39  Hellbat  
  69  10:41  Widow Mine x2  
  78  10:46  Stimpack  
  78  11:07  Supply Depot  
  78  11:09  Supply Depot  
  78  11:29  Supply Depot  
  78  11:32  Supply Depot  
  78  11:52  Supply Depot, Terran Infantry Armor Level 2  
  78  11:54  Supply Depot  
  73  12:15  Supply Depot  
  68  12:16  Supply Depot  
  68  12:34  Starport  
  68  12:38  Starport Tech Lab x3  
  68  12:39  Supply Depot  
  68  12:41  Supply Depot  
  68  12:43  Thor x2  
  80  12:44  Siege Tank x2  
  86  12:55  Orbital Command  
  86  12:59  Terran Ship Weapons Level 2  
  86  13:00  Terran Vehicle And Ship Armor Level 2, Terran Vehicle Weapons Level 2  
  86  13:03  Terran Infantry Weapons Level 3  
  86  13:14  Starport  
  86  13:24  SCV x3  
  89  13:36  SCV x3  
  92  13:48  SCV x3  
  95  13:51  Starport  
  95  14:00  SCV x3  
  98  14:04  Command Center  
  98  14:11  Refinery  
  98  14:12  Refinery, SCV  
  98  14:17  Refinery  
  99  14:18  Command Center  
  99  14:21  Refinery  
  99  14:27  Command Center  
  99  14:29  Refinery  
  99  14:32  Sensor Tower  
  99  14:37  Sensor Tower  
  99  14:56  Refinery  
  99  15:10  Sensor Tower  
  99  15:21  Sensor Tower  
  99  15:47  Sensor Tower  
  98  15:53  Sensor Tower  
  98  16:24  Sensor Tower  
  93  17:15  SCV x2  
  93  17:16  SCV x4  
  98  17:27  SCV  
  98  17:28  SCV x5  
  98  17:29  Starport Tech Lab x3  
  104  17:40  SCV x6  
  110  17:52  SCV x5  
  110  17:53  SCV  
  110  17:56  Missile Turret  
  116  18:01  Missile Turret  
  116  18:02  Missile Turret  
  116  18:04  SCV x2  
  116  18:05  Missile Turret  
  118  18:06  Missile Turret  
  118  18:15  Missile Turret  
  118  18:29  Orbital Command, Missile Turret x2  
  118  18:33  Missile Turret x2  
  118  18:34  Missile Turret, Orbital Command  
  118  18:35  Orbital Command  
  118  18:44  Missile Turret  
  118  18:55  Missile Turret  
  118  18:58  Missile Turret  
  118  19:05  Missile Turret  
  118  19:10  Missile Turret  
  118  19:13  Terran Infantry Armor Level 3  
  118  19:16  Terran Ship Weapons Level 3, Terran Vehicle Weapons Level 3  
  118  19:17  Terran Vehicle And Ship Armor Level 3  
  118  19:22  Infernal Pre-Igniter, Rapid Fire Launchers, Drilling Claws  
  118  19:23  Smart Servos  
  118  19:24  Missile Turret  
  118  19:25  Missile Turret x2  
  118  19:27  Rapid Reignition System, Cloaking Field, Corvid Reactor  
  118  19:28  Hyperflight Rotors  
  118  19:32  Missile Turret  
  118  19:42  Missile Turret  
  118  19:46  Fusion Core  
  118  19:51  Missile Turret  
  118  19:55  Missile Turret  
  118  19:56  Missile Turret  
  118  20:00  Ghost Academy  
  118  20:01  Missile Turret  
  118  20:02  Ghost Academy  
  118  20:05  Ghost Academy x4  
  116  20:08  Ghost Academy, Missile Turret  
  116  20:10  Ghost Academy  
  116  20:24  Missile Turret  
  116  20:26  Missile Turret  
  116  20:31  Ghost Academy  
  114  21:01  Battlecruiser x2  
  114  21:02  Battlecruiser x3  
  144  21:04  Battlecruiser  
  150  21:59  Siege Tank x2  
  150  22:00  Cyclone, Siege Tank  
  150  22:01  Cyclone x2  
  168  22:05  Banshee x2  
  168  22:06  Banshee x3  
  168  22:08  Marauder x2, Banshee  
  187  22:09  Marauder x3  
  196  22:21  Personal Cloaking  
  196  22:29  Marauder  
  200  22:30  Marauder  
  200  23:10  Command Center  
  200  23:11  Refinery  
  200  23:18  Refinery  
  200  23:19  Refinery  
  200  23:20  Command Center, Refinery  
  200  23:55  Command Center  
  200  23:59  Refinery  
  200  24:23  Refinery  
  200  24:29  Refinery  
  200  24:33  Refinery  
  200  25:19  Weapon Refit  
  200  25:26  Nuke x4  
  200  25:27  Nuke x6  
  156  27:34  Medivac x2  
  156  27:35  Medivac  
  162  27:40  Ghost x2  
  162  27:41  Ghost x3  
  172  28:09  Ghost x5  
  182  28:44  Command Center  
  180  30:19  Thor x3  
  198  30:25  Hellion  
  196  33:21  Nuke x2  
  196  33:22  Nuke x5  
  196  33:23  Nuke x2  
  196  33:24  Nuke  
Show
View Real Time Build Order
Export as new Build Order

tigro Terran 

Build Orders:  

Get SALT Encoding   

  12  0:09  SCV  
  13  0:21  SCV  
  14  0:23  Supply Depot  
  14  0:33  SCV  
  15  0:39  Refinery  
  15  0:45  SCV  
  16  0:50  Refinery  
  16  1:07  Barracks  
  16  1:10  SCV  
  17  1:22  SCV  
  18  1:38  SCV  
  19  1:50  SCV  
  20  1:58  Engineering Bay  
  20  2:00  Supply Depot  
  20  2:04  Reaper  
  21  2:36  Reaper  
  22  2:46  Terran Infantry Weapons Level 1  
  22  2:51  Command Center  
  22  3:09  Reaper  
  23  3:40  Marine, SCV  
  25  3:57  Refinery  
  25  3:58  Marine  
  26  4:07  Missile Turret  
  26  4:16  Refinery  
  26  4:19  SCV  
  27  4:25  Barracks Tech Lab  
  27  4:31  SCV  
  28  4:40  Terran Infantry Armor Level 1  
  28  4:43  SCV  
  28  4:44  Marauder  
  31  4:55  SCV  
  31  4:59  Supply Depot  
  30  5:06  Marauder  
  30  5:07  SCV  
  31  5:27  Marauder  
  33  5:29  Planetary Fortress  
  33  5:34  Orbital Command  
  33  5:49  Marauder  
  35  5:57  Combat Shield  
  35  5:59  Factory  
  35  6:10  Marauder  
  37  6:14  SCV  
  38  6:26  SCV  
  39  6:34  Hi-Sec Auto Tracking  
  39  6:38  SCV  
  40  6:49  Missile Turret  
  40  6:50  SCV  
  41  7:02  Factory Tech Lab, SCV  
  42  7:14  SCV  
  43  7:19  Missile Turret  
  43  7:27  Infernal Pre-Igniter  
  43  7:30  Siege Tank  
  43  7:31  Neosteel Frame  
  46  7:37  Stimpack  
  46  7:49  Armory  
  46  8:02  Siege Tank  
  49  8:34  Siege Tank  
  52  8:50  Neosteel Armor  
  52  9:03  Missile Turret  
  52  9:17  Concussive Shells  
  52  9:23  Starport  
  52  9:27  Supply Depot  
  52  9:49  Siege Tank  
  55  10:07  Missile Turret  
  55  10:09  SCV  
  56  10:21  SCV, Widow Mine  
  59  10:32  Missile Turret  
  59  10:43  Widow Mine  
  61  10:57  Fusion Core  
  61  11:05  Weapon Refit  
  61  11:31  Starport Tech Lab  
  61  11:37  Marine  
  62  11:59  Supply Depot  
  62  12:04  Marine  
  62  12:06  Widow Mine  
  60  12:21  Marine  
  61  12:39  Marine, Missile Turret  
  62  12:57  Marine  
  63  13:10  Medivac  
  63  13:11  Missile Turret  
  65  13:40  Medivac  
  67  14:34  Terran Vehicle Weapons Level 1  
  67  14:40  Terran Infantry Armor Level 2  
  67  15:09  Missile Turret  
  66  15:43  Refinery  
  66  16:10  Thor  
  69  16:28  Terran Vehicle And Ship Armor Level 1  
  69  16:29  Supply Depot  
  67  16:51  Battlecruiser  
  73  16:56  Terran Infantry Weapons Level 2  
  73  17:03  Marine, Refinery  
  74  17:21  Marine  
  75  17:38  Marine  
  76  17:56  Marine  
  77  18:00  Command Center  
  77  18:14  Marine  
  77  18:18  Missile Turret  
  78  18:23  Terran Ship Weapons Level 1  
  78  19:11  Thor  
  78  19:12  Battlecruiser  
  78  19:13  Supply Depot  
  89  19:54  Thor  
  95  20:16  Banshee  
  97  20:57  SCV  
  97  20:59  Banshee  
  101  21:24  Supply Depot  
  101  21:45  Banshee  
  104  21:51  Supply Depot  
  104  22:13  Thor  
  110  22:20  Missile Turret  
  110  22:21  Marine  
  111  22:28  Battlecruiser  
  117  22:31  Rapid Reignition System  
  117  22:40  Drilling Claws  
  117  23:10  Refinery  
  117  23:27  Corvid Reactor  
  117  23:33  Missile Turret  
  117  23:53  Supply Depot  
  117  23:58  Rapid Fire Launchers  
  117  24:06  Missile Turret  
  117  24:15  Marine, Battlecruiser  
  124  24:19  Supply Depot  
  124  24:32  Marine  
  125  24:40  Thor  
  131  24:49  Barracks  
  131  24:50  Marine  
  130  25:23  Siege Tank  
  31  26:30  Barracks  
  31  26:42  Missile Turret  
  31  27:32  Barracks Tech Lab  
  31  27:34  Missile Turret  
  31  27:47  Factory  
  31  28:08  Marauder  
  33  28:25  Ghost Academy  
  33  28:29  Marauder  
  35  28:37  Factory Tech Lab  
  35  28:51  Marauder  
  37  28:58  Starport  
  37  29:12  Marauder  
  39  29:20  Missile Turret  
  33  29:34  Marauder  
  33  29:38  Siege Tank  
  36  29:55  Marauder  
  38  30:10  Siege Tank  
  38  30:12  Barracks  
  41  30:16  Marauder  
  40  30:38  Marauder  
  40  30:42  Siege Tank  
  41  30:59  Marauder  
  43  31:14  Siege Tank  
  46  31:19  Armory  
  46  31:21  Marauder  
  48  31:39  Barracks Tech Lab  
  48  31:46  Siege Tank  
  44  31:53  Starport Tech Lab  
  42  32:20  Barracks  
  42  32:26  Banshee  
  16  33:09  Banshee, Factory Tech Lab  
Tags
 
Matchup
TvT
Race
Terran
Replay Pack
MrFercho
Spawn Locations
Cross Positions
Add a new tag
Caveats
  • Supply blocks, unpowered buildings, or Contaminate may cause inaccurate times.
  • Supply counts are checked every 10 seconds.